Map: 10000 Feet LE

Players

AMCHOLDER

  • Race: Zerg Zerg
  • League: Diamond
  • Spawn Location: 11:00

Karloo - Winner!

  • Race: Terran Terran
  • League: Diamond
  • Spawn Location: 5:00

VOD

Have the link to the VOD?

Description

Time

  • Played on: Dec. 24, 2025, 11:38 a.m.
  • Length: 9:47
Show
View Real Time Build Order
Export as new Build Order

AMCHOLDER Zerg 

Build Orders: Hatch First 

Get SALT Encoding   

  12  0:00  Drone  
  13  0:08  Drone  
  14  0:14  Extractor  
  14  0:16  Drone  
  15  0:24  Overlord  
  15  0:44  Hatchery  
  15  0:46  Drone  
  15  0:49  Drone  
  16  0:53  Drone  
  17  0:58  Drone  
  18  1:07  Extractor  
  17  1:17  Spawning Pool  
  16  1:18  Drone  
  16  1:19  Drone  
  18  1:30  Drone  
  19  1:41  Drone  
  20  1:52  Drone  
  21  1:59  Drone  
  22  2:04  Queen x2  
  22  2:06  Zergling x2  
  22  2:07  Overlord  
  27  2:13  Zergling x2  
  28  2:19  Metabolic Boost  
  28  2:28  Spine Crawler  
  27  2:30  Drone x3  
  30  2:39  Drone  
  30  2:40  Drone  
  30  2:43  Queen  
  34  2:50  Drone  
  36  3:02  Lair  
  36  3:05  Overlord  
  36  3:07  Overlord  
  36  3:08  Extractor  
  35  3:17  Drone  
  36  3:29  Drone x6  
  36  3:33  Drone x2  
  44  3:39  Extractor  
  43  3:44  Overlord  
  43  3:50  Drone  
  43  3:52  Queen  
  43  3:53  Drone x2  
  43  3:54  Drone  
  49  3:56  Drone  
  49  3:57  Zergling x4  
  52  4:03  Drone  
  52  4:07  Spire  
  52  4:09  Overlord, Extractor  
  51  4:10  Drone  
  52  4:19  Overlord  
  52  4:20  Drone  
  52  4:22  Drone  
  52  4:23  Drone  
  55  4:33  Baneling Nest  
  55  4:34  Zergling x10  
  59  4:44  Drone  
  59  4:45  Drone  
  61  4:52  Hatchery  
  59  5:03  Overlord x3  
  59  5:04  Overlord  
  59  5:06  Queen  
  61  5:19  Mutalisk x5  
  71  5:22  Zerg Flyer Weapons Level 1, Mutalisk  
  71  5:27  Mutalisk  
  75  5:32  Drone  
  76  5:35  Zergling x2  
  76  5:36  Zergling x8  
  81  5:49  Overlord x2  
  81  5:50  Overlord  
  81  5:57  Drone  
  81  5:58  Drone  
  81  6:00  Centrifugal Hooks  
  81  6:04  Mutalisk x3  
  83  6:07  Drone  
  83  6:08  Drone x3  
  93  6:17  Drone x2  
  93  6:18  Drone  
  98  6:26  Baneling x6  
  98  6:27  Zergling x4  
  98  6:28  Zergling x2  
  99  6:40  Zergling x12  
  97  6:55  Mutalisk x3  
  103  7:03  Drone  
  103  7:07  Hatchery  
  103  7:14  Baneling x3  
  103  7:15  Baneling x5  
  101  7:16  Zergling x4  
  103  7:25  Evolution Chamber, Hatchery  
  103  7:27  Evolution Chamber  
  100  7:34  Mutalisk x2  
  100  7:35  Mutalisk  
  102  7:39  Drone x7  
  107  7:55  Mutalisk x2  
  111  7:59  Drone  
  77  8:28  Zergling x18  
  81  8:37  Zergling x10  
  81  8:40  Queen x2  
  90  8:44  Drone x3  
  93  8:50  Baneling x3  
  93  8:51  Baneling x5  
  93  8:53  Baneling x2  
  93  8:54  Zergling x8  
  97  9:02  Extractor  
  96  9:03  Extractor  
  96  9:04  Drone x3  
  96  9:05  Drone  
  99  9:16  Zergling x2  
  101  9:17  Zergling x14  
  94  9:27  Zergling x8  
Show
View Real Time Build Order
Export as new Build Order

Karloo Terran - Winner!

Build Orders: Reaper Expand 

Get SALT Encoding   

  12  0:00  SCV  
  13  0:12  SCV  
  14  0:16  Supply Depot  
  14  0:24  SCV  
  15  0:38  SCV  
  15  0:40  Barracks  
  16  0:44  Refinery  
  16  0:50  SCV  
  17  1:02  SCV  
  18  1:14  SCV  
  19  1:28  Orbital Command, Reaper  
  20  1:39  Command Center  
  20  1:46  Supply Depot  
  20  1:53  SCV  
  21  2:00  Marine  
  22  2:05  SCV  
  23  2:10  Factory  
  23  2:17  SCV  
  23  2:22  Barracks Reactor  
  25  2:30  SCV  
  25  2:42  Command Center  
  25  2:44  SCV  
  26  2:52  Orbital Command  
  26  3:00  SCV  
  27  3:07  Barracks  
  27  3:08  Hellion  
  27  3:10  Hellion  
  31  3:16  SCV  
  31  3:17  Refinery  
  31  3:18  SCV  
  33  3:28  SCV  
  33  3:31  Barracks Tech Lab  
  34  3:40  SCV  
  34  3:41  SCV  
  36  3:52  SCV  
  36  3:53  SCV  
  38  4:03  Orbital Command  
  38  4:04  Stimpack  
  38  4:05  Marine  
  38  4:06  SCV x2  
  41  4:10  Marine x2  
  41  4:13  Starport  
  41  4:14  Factory Reactor  
  43  4:18  SCV x2  
  43  4:22  Barracks, Marine  
  46  4:28  Marine x2  
  46  4:29  SCV  
  46  4:30  SCV  
  46  4:31  SCV  
  51  4:36  Engineering Bay x2  
  51  4:40  Marine  
  51  4:41  SCV  
  51  4:42  SCV  
  51  4:43  SCV  
  51  4:44  Refinery x2  
  55  4:46  Marine x2  
  57  4:58  Marine  
  57  4:59  SCV x2  
  60  5:00  SCV  
  60  5:04  Terran Infantry Weapons Level 1, Terran Infantry Armor Level 1  
  60  5:07  Missile Turret  
  61  5:09  Missile Turret  
  61  5:14  Orbital Command  
  61  5:15  SCV x2, Marine x2  
  61  5:16  Marine  
  61  5:25  Medivac x2, Marine  
  61  5:27  SCV  
  67  5:32  Supply Depot, SCV  
  67  5:33  Marine  
  67  5:35  Supply Depot x2  
  69  5:42  Factory Reactor  
  69  5:53  Marine x4  
  69  5:54  SCV x3  
  76  6:01  Supply Depot  
  76  6:02  Supply Depot  
  76  6:04  Supply Depot  
  76  6:06  SCV x3  
  79  6:11  Marine x3  
  79  6:16  Combat Shield  
  79  6:18  SCV x3  
  85  6:20  Starport Reactor  
  85  6:21  Armory  
  85  6:22  Marine x2  
  85  6:24  Widow Mine x2, Barracks  
  91  6:26  Barracks  
  91  6:29  Marine x3  
  91  6:30  SCV x3  
  97  6:40  Marine x2  
  97  6:42  SCV x3  
  102  6:47  Marine x3  
  95  6:58  Marine x2  
  95  7:00  Missile Turret  
  87  7:02  Medivac, Sensor Tower  
  87  7:03  Medivac  
  87  7:05  Marine x3  
  87  7:07  Widow Mine x2  
  98  7:14  Supply Depot  
  98  7:16  Marine x2  
  102  7:22  Marine x3  
  102  7:24  Barracks Tech Lab, Barracks Reactor  
  102  7:34  Marine x2  
  102  7:37  Supply Depot  
  100  7:38  SCV x3  
  100  7:41  Marine x3, Refinery  
  100  7:42  Widow Mine x2, Command Center, Refinery  
  110  7:50  SCV x3  
  108  7:51  Marine  
  108  7:54  Marine x2  
  108  7:57  Missile Turret  
  109  7:59  Marine x3  
  109  8:02  SCV x2  
  109  8:04  Widow Mine  
  116  8:07  Supply Depot  
  116  8:08  Supply Depot  
  116  8:09  Marine  
  116  8:12  Marine  
  101  8:33  SCV x3  
  99  8:37  Marine  
  99  8:38  Marine x7  
  99  8:39  Widow Mine  
  99  8:40  Widow Mine  
  111  8:45  SCV x3  
  111  8:47  Missile Turret  
  114  8:49  Missile Turret  
  114  8:55  Factory, Marine  
  114  8:56  Marine x7  
  114  8:57  SCV  
  114  9:01  Widow Mine  
  125  9:04  Medivac  
  125  9:05  Medivac  
  125  9:06  Missile Turret  
  129  9:13  Marine x3  
  129  9:14  Marine  
Tags
 
Add a new tag
Caveats
  • Supply blocks, unpowered buildings, or Contaminate may cause inaccurate times.
  • Supply counts are checked every 10 seconds.